 Dungeon Crawl Stone Soup version 0.30-a0-358-g0d69a1922f (webtiles) character file.

Game seed: 17923648615518239782

8271 pascalblue the Destroyer (level 11, -6/54 HPs)
             Began as a Deep Elf Conjurer on Nov 10, 2022.
             Was a Priest of Vehumet.
             Shot with an arrow by a centaur (7 damage)
             ... on level 10 of the Dungeon.
             The game lasted 00:43:41 (10840 turns).

pascalblue the Destroyer (Deep Elf Conjurer)       Turns: 10840, Time: 00:43:41

Health: -6/54      AC:  7    Str:  4    XL:     11   Next: 7%
Magic:  16/26      EV: 13    Int: 34    God:    Vehumet [***...]
Gold:   1030       SH:  0    Dex: 19    Spells: 3/28 levels left

rFire   . . .      SeeInvis .    D - staff of earth
rCold   . . .      Faith    .    (no shield)
rNeg    . . .      Spirit   .    a - +0 robe
rPois   .          Reflect  .    A - +0 helmet
rElec   .          Harm     .    (no cloak)
rCorr   .          Rampage  .    C - +0 pair of gloves
Will    +....                    B - +2 pair of boots
Stlth   ++........               l - amulet of magic regeneration
HPRegen 0.29/turn                p - +6 ring of intelligence
MPRegen 0.60/turn                v - +6 ring of dexterity

@: no status effects
A: no striking features
a: Renounce Religion


You were on level 10 of the Dungeon.
You worshipped Vehumet.
Vehumet was most pleased with you.
You visited 2 branches of the dungeon, and saw 11 of its levels.

You collected 1030 gold pieces.

Inventory:

Hand Weapons
 G - a +1 dagger of distortion
Missiles
 x - 2 throwing nets
Armour
 a - a +0 robe (worn)
 o - +0 swamp dragon scales
 t - a +1 pair of boots
 A - a +0 helmet (worn)
 B - a +2 pair of boots (worn)
 C - a +0 pair of gloves (worn)
 H - +0 acid dragon scales
 I - +0 acid dragon scales
 J - a +0 troll leather armour
Magical Staves
 i - a staff of air
 D - a staff of earth (weapon)
Jewellery
 d - the amulet "Tinogril" {rC+ rN+ Regen+ Dex+4}
   (You acquired it on level 3 of the Dungeon)

   [amulet of regeneration]

   Dex:       It affects your dexterity (+4).
   rC:        It protects you from cold.
   rN:        It protects you from negative energy.
   Regen:     It increases your rate of health regeneration.
 l - an amulet of magic regeneration (around neck)
 p - a +6 ring of intelligence (left hand)
 s - an amulet of guardian spirit
 v - a +6 ring of dexterity (right hand)
Wands
 b - a wand of flame (78)
 w - a wand of roots (4)
 y - a wand of mindburst (21)
Scrolls
 c - 3 scrolls of noise
 h - 3 scrolls of vulnerability
 r - 3 scrolls of teleportation
 u - a scroll of torment
 F - a scroll of magic mapping
 K - a scroll of silence
Potions
 e - 2 potions of brilliance
 f - 2 potions of flight
 g - 2 potions of might
 j - 2 potions of mutation
 k - 2 potions of ambrosia
 m - 3 potions of haste
 n - 2 potions of curing
 q - a potion of resistance
 z - a potion of berserk rage
 E - a potion of lignification {unknown}


   Skills:
 - Level 2.4 Dodging
 - Level 2.4 Stealth
 + Level 9.2 Spellcasting
 * Level 11.5 Conjurations
 + Level 9.8 Hexes
 + Level 4.7 Translocations
 + Level 6.8 Ice Magic
 + Level 6.2 Air Magic


You had 3 spell levels left.
You knew the following spells:

 Your Spells              Type           Power      Damage    Failure   Level
a - Magic Dart            Conj           100%       1d8       1%          1
b - Searing Ray           Conj           100%       2d8       1%          2
c - Hailstorm             Conj/Ice       67%        3d14      1%          3
d - Dazzling Flash        Conj/Hex       100%       N/A       1%          3
e - Fulminant Prism       Conj/Hex       36%        3d17      1%          4
f - Iskenderun's Mystic   Conj/Tloc      63%        2d13      1%          4
g - Teleport Other        Tloc           48%        N/A       1%          3
h - Cause Fear            Hex            35%        N/A       1%          4
i - Sandblast             Erth           46%        2d11      1%          1

Your spell library contained the following spells:

 Spells                   Type           Power      Damage    Failure   Level
 Ignite Poison            Fire/Tmut/Pois 15%        N/A       2%          3
 Apportation              Tloc           96%        N/A       1%          1
 Gell's Gravitas          Tloc           48%        N/A       1%          3
 Inner Flame              Hex/Fire       49%        N/A       1%          3
 Summon Guardian Golem    Hex/Summ       49%        N/A       1%          3
 Beastly Appendage        Tmut           30%        N/A       3%          1
 Necrotise                Necr           60%        1d7       3%          1
 Summon Small Mammal      Summ           60%        N/A       3%          1
 Call Canine Familiar     Summ           15%        N/A       9%          3
 Vampiric Draining        Necr           15%        2d7       9%          3
 Ice Form                 Ice/Tmut       39%        N/A       7%          4
 Olgreb's Toxic Radiance  Pois           15%        N/A       8%          4
 Dispersal                Tloc           24%        N/A       54%         6
 Agony                    Necr           15%        N/A       63%         5
 Eringya's Noxious Bog    Tmut/Pois      7%         N/A       71%         6
 Simulacrum               Ice/Necr       19%        N/A       73%         6
 Discord                  Hex            35%        N/A       97%         8
 Storm Form               Tmut/Air       18%        N/A       100%        7


Dungeon Overview and Level Annotations

Branches:
Dungeon (10/15)            Temple (1/1) D:5            Lair (0/5) D:8
    Orc: D:9-12

Altars:
Ashenzari
Cheibriados
Elyvilon
Fedhas
Gozag
Hepliaklqana
Kikubaaqudgha
Makhleb
Nemelex Xobeh
Okawaru
Qazlal
Ru
Sif Muna
Trog
Uskayaw
Vehumet
Wu Jian
Xom
Yredelemnul
Zin
The Shining One

Shops:
D:2 *([


Message History

Confirm with . or Enter, or press ? or * to list all spells.
Aiming: Searing Ray (safe; 1% risk of failure)
Press: ? - help, Shift-Dir - straight line, f/p - yak
Aim: a yak (severely wounded, 90% to hit)
The searing ray hits the yak!
The yak is almost dead. (Press . to maintain the ray.)
The yak gores you.
A centaur comes into view.
The searing ray hits the yak!
You kill the yak!
Vehumet accepts your kill.
You feel your power returning.
The centaur wields a +0 shortbow.
The centaur shoots an arrow.
The arrow hits you.
Casting: Searing Ray (safe; 1% risk of failure)
Confirm with . or Enter, or press ? or * to list all spells.
Restarting spell: Searing Ray (safe; 1% risk of failure)
Press: ? - help, Shift-Dir - straight line, f - centaur
Aim: a centaur, wielding a +0 shortbow (90% to hit)
The searing ray hits the centaur!
The centaur is severely wounded. (Press . to maintain the ray.)
The centaur shoots an arrow.
The arrow hits you!
* * * LOW HITPOINT WARNING * * *
You feel better.
The centaur shoots an arrow.
The arrow hits you but does no damage.
The centaur shoots an arrow.
The arrow hits you!
* * * LOW HITPOINT WARNING * * *
Casting: Searing Ray (safe; 1% risk of failure)
Confirm with . or Enter, or press ? or * to list all spells.
Aiming: Fulminant Prism (safe; 1% risk of failure)
Press: ? - help, Dir - move target, p - centaur You conjure a prism of explosive energy!
A fulminant prism comes into view.
The centaur shoots an arrow.
The arrow hits you!
* * * LOW HITPOINT WARNING * * *
The centaur shoots an arrow.
The arrow hits you!
* * * LOW HITPOINT WARNING * * *
The centaur shoots an arrow.
The arrow hits you!
You die...

#Y# . #.#.#
########)#.#
#.....*YY..#
#####.#####.#.#
#...Y.# #.# #
#####c########.#
#.†............#.#
#@###*######<.....
#.# #.# #####.#
#.# ... .# #.#
..## # #.# ..#
#.##..# #.# .# #.#


You could see a centaur.

Vanquished Creatures
  Pikel (D:7)
  Psyche (D:8)
  Maggie (D:7)
  2 trolls (D:9)
  2 hornets (D:8)
  A wyvern (D:8)
  5 yaks (D:10)
  2 steam dragons
  Grum (D:8)
  2 acid dragons
  A water moccasin (D:9)
  2 orc warriors (D:8)
  4 ice beasts
  6 sky beasts
  2 ogres
  2 wolves (D:8)
  7 centaurs
  2 lemures (D:7)
  A phantom (D:5)
  2 kobold brigands
  3 bullfrogs
  6 necrophages
  2 gnoll sergeants (D:8)
  2 scorpions (D:6)
  5 wights
  5 killer bees
  4 howler monkeys
  A crimson imp (D:5)
  3 jellies
  9 orc priests
  5 hounds
  3 iguanas (D:6)
  A gnoll bouda (D:8)
  10 orc wizards
  12 gnolls
  10 adders
  3 shadow imps
  2 ufetubi
  5 worms
  4 dart slugs
  40 orcs
  3 endoplasms
  4 giant cockroaches
  6 goblins
  7 hobgoblins
  3 jackals
  3 quokkas (D:1)
  7 ball pythons
  4 bats
  13 kobolds
  2 rats (D:1)
234 creatures vanquished.

Vanquished Creatures (others)
  59 fulminant prisms
  A plant (D:1)
60 creatures vanquished.

Grand Total: 294 creatures vanquished

Notes
Turn   | Place    | Note
-------+----------+-------------------------------------------
     0 | D:1      | pascalblue the Deep Elf Conjurer began the quest for the
                  | Orb.
     0 | D:1      | Reached XP level 1. HP: 10/10 MP: 6/6
   251 | D:1      | Reached XP level 2. HP: 15/15 MP: 5/8
   288 | D:1      | Reached skill level 5 in Conjurations
   531 | D:1      | Learned a level 2 spell: Searing Ray
  1084 | D:2      | Reached XP level 3. HP: 19/19 MP: 3/9
  1181 | D:2      | Found Larramui's Armour Boutique.
  1520 | D:2      | Found Ubreotwu's Weapon Shop.
  1704 | D:2      | Found Ithret's Assorted Antiques.
  1849 | D:2      | Learned a level 3 spell: Hailstorm
  1853 | D:2      | Learned a level 3 spell: Dazzling Flash
  2023 | D:3      | Reached XP level 4. HP: 24/24 MP: 6/11
  2031 | D:3      | Reached skill level 6 in Conjurations
  2163 | D:3      | Reached skill level 1 in Hexes
  2163 | D:3      | Reached skill level 1 in Ice Magic
  2166 | D:3      | Reached XP level 5. HP: 14/28 MP: 1/13
  2279 | D:3      | Reached skill level 1 in Air Magic
  2482 | D:3      | Found an ornate altar of the Wu Jian Council.
  2908 | D:3      | Identified a scroll of acquirement
  2908 | D:3      | Acquired the amulet "Tinogril" {rC+ rN+ Regen+ Dex+4}
  3193 | D:4      | Reached XP level 6. HP: 16/32 MP: 0/14
  3296 | D:4      | Learned a level 4 spell: Fulminant Prism
  4376 | D:5      | Entered Level 5 of the Dungeon
  4512 | D:5      | Found a burning altar of Makhleb.
  4519 | D:5      | Reached skill level 7 in Conjurations
  4698 | D:5      | Reached skill level 5 in Spellcasting
  4698 | D:5      | Reached XP level 7. HP: 36/36 MP: 8/16
  5249 | D:5      | Found a staircase to the Ecumenical Temple.
  5286 | D:5      | Reached skill level 5 in Hexes
  5630 | Temple   | Entered the Ecumenical Temple
  5693 | Temple   | Became a worshipper of Vehumet
  5759 | D:6      | Reached XP level 8. HP: 41/41 MP: 9/18
  5858 | D:6      | Reached skill level 8 in Conjurations
  6435 | D:6      | Reached XP level 9. HP: 45/45 MP: 13/21
  6536 | D:6      | Reached skill level 9 in Conjurations
  6708 | D:6      | Reached * piety under Vehumet
  6708 | D:6      | Offered knowledge of Freeze by Vehumet.
  6785 | D:6      | Learned a level 4 spell: Iskenderun's Mystic Blast
  6789 | D:6      | Learned a level 3 spell: Teleport Other
  6790 | D:6      | You fall into a shaft and drop 1 floor!
  7621 | D:6      | Found a shimmering blue altar of Sif Muna.
  7621 | D:6      | Found a white marble altar of Elyvilon.
  7630 | D:6      | Reached skill level 1 in Translocations
  7746 | D:7      | Reached skill level 5 in Ice Magic
  7748 | D:7      | Noticed Pikel
  7775 | D:7      | Killed Pikel
  7877 | D:7      | Noticed Maggie
  7885 | D:7      | HP: 2/45 [Maggie/+2 vampiric glaive (12)]
  7889 | D:7      | Killed Maggie
  7890 | D:7      | Reached skill level 10 in Conjurations
  7890 | D:7      | Reached skill level 5 in Air Magic
  8045 | D:7      | Found a snail-covered altar of Cheibriados.
  8172 | D:7      | Reached XP level 10. HP: 47/50 MP: 18/23
  8418 | D:7      | Learned a level 4 spell: Cause Fear
  8610 | D:8      | Reached ** piety under Vehumet
  8610 | D:8      | Offered knowledge of Sandblast by Vehumet.
  8623 | D:8      | Found a sacrificial altar of Ru.
  8650 | D:8      | Found a glowing silver altar of Zin.
  8707 | D:8      | Found a stormy altar of Qazlal.
  8747 | D:8      | Noticed Psyche
  8759 | D:8      | Killed Psyche
  8800 | D:8      | Found a staircase to the Lair.
  8824 | D:8      | Noticed Grum
  8828 | D:8      | Learned a level 1 spell: Sandblast
  8831 | D:8      | Killed Grum
  9293 | D:8      | Paralysed by a hornet for 1 turns
  9384 | D:8      | Offered knowledge of Ignite Poison by Vehumet.
  9572 | D:8      | Got the Volume of Shifting Intoxication
  9801 | D:8      | Reached skill level 11 in Conjurations
 10537 | D:9      | Reached *** piety under Vehumet
 10723 | D:10     | Entered Level 10 of the Dungeon
 10754 | D:10     | Reached XP level 11. HP: 22/54 MP: 12/26
 10840 | D:10     | HP: 1/54 [centaur/arrow (7)]
 10840 | D:10     | Shot with an arrow by a centaur

Illustrated notes

Levels and vault maps discovered:
D:1:      denvon_arrival_planthouse, layout_basic, minmay_crystal_room,
          minmay_split_cup_small
D:2:      layout_rooms, serial_shops, nicolae_shop_overgrown_old_shop,
          nicolae_shop_statue_plus, shop_fountains, minmay_pentomino_z4
D:3:      layout_loops_ring, mainiacjoe_overflow_alcove_2
D:4:      layout_loops_cross, serial_rivers, chequers_serial_rivers_large_b,
          chequers_serial_rivers_large_a, chequers_serial_rivers_micro_e,
          chequers_serial_rivers_room_b, kennysheep_generic_room_5
D:5:      layout_gridville, makhleb_grotto_becter, minmay_temple_entry_glass
D:6:      minmay_polygon_palace, layout_basic,
          gammafunk_temple_overflow_elements, kennysheep_generic_room_14
D:7:      layout_loops_cross, kennysheep_mini, uniq_joseph, uniq_pikel,
          uniq_maggie
D:8:      minmay_octagon_keep, layout_basic, grunt_qazlal_sundering,
          jmf_multi_god_temple, kennysheep_generic_room_10, uniq_psyche,
          uniq_grum
D:9:      layout_basic
D:10:     minmay_the_grid_triangle_9x9_rhombus_thin
          [minmay_the_grid_triangle_9x9_zippers_vertical,
          minmay_the_grid_triangle_9x9_prize_special,
          minmay_the_grid_triangle_9x9_dagger,
          minmay_the_grid_triangle_9x9_corrupted_corridor], layout_basic,
          nicolae_overflow_crystal_walls, david_orc_4
Temple:   dshaligram_water_room_temple

Skill      XL: |  1  2  3  4  5  6  7  8  9 10 |
---------------+-------------------------------+-----
Conjurations   | 5 6 7 8 10 11 | 11.5
Hexes          | 1 2 3 5 7 8 9 |  9.8
Ice Magic      | 1 2 3 4 5 6 |  6.8
Spellcasting   | 4 5 6 7 9 |  9.2
Air Magic      | 1 2 4 5 6 |  6.2
Translocations | 2 4 |  4.7
Dodging        | |  2.4
Stealth        | |  2.4

Action                   |  1- 3 |  4- 6 |  7- 9 | 10-12 || total
-------------------------+-------+-------+-------+-------++-------
Melee: Unarmed           |     7 |       |       |       ||     7
       Staff             |       |     7 |    28 |       ||    35
       Punch             |       |       |     1 |       ||     1
 Cast: Magic Dart        |   105 |    82 |    82 |    43 ||   312
       Searing Ray       |       |    15 |    51 |    27 ||    93
       Hailstorm         |       |     1 |       |       ||     1
       Fulminant Prism   |       |       |    12 |    48 ||    60
       Iskenderun's Myst |       |       |       |     6 ||     6
       Cause Fear        |       |       |       |     2 ||     2
       Sandblast         |       |       |       |     1 ||     1
  Use: Scroll            |       |    16 |     5 |     2 ||    23
       Potion            |       |     2 |     1 |     1 ||     4
Armor: Robe              |     3 |     8 |    26 |    14 ||    51
Dodge: Dodged            |    19 |    27 |    69 |    26 ||   141

Table legend: (Time is in decaauts)
 A = Elapsed time spent in this place.
 B = Non-inter-level travel time spent in this place.
 C = Inter-level travel time spent in this place.
 D = Time resting spent in this place.
 E = Time spent auto-exploring this place.
 F = Levels seen in this place.
 G = Mean time per level.
                   A        B        C        D        E       F      G
               +--------+--------+--------+--------+--------+-----+--------+
         Total |  10889 |  10549 |    340 |   1448 |   7387 |  11 |  989.9 |
       Dungeon |  10809 |  10485 |    324 |   1448 |   7347 |  10 | 1080.9 |
        Temple |     79 |     63 |     16 |      0 |     40 |   1 |   79.0 |
               +--------+--------+--------+--------+--------+-----+--------+

Top non-repeatable levels by time:
     D:6: 1963 daAuts
     D:4: 1465 daAuts
     D:8: 1458 daAuts
     D:5: 1271 daAuts
     D:3: 1080 daAuts
     D:1: 1078 daAuts
     D:9: 835 daAuts
     D:2: 794 daAuts
     D:7: 744 daAuts
    D:10: 116 daAuts
  Temple: 79 daAuts
